 Dungeon Crawl Stone Soup version 0.28.0-53-g5a82cb258f (webtiles) character file.

Game seed: 6742507875190207089

194 Stomo the Magician (level 6, -1/42 HPs)
             Began as a Djinni Ice Elementalist on July 23, 2022.
             Was an Initiate of Makhleb.
             Slain by Grinder (4 damage)
             ... on level 3 of the Dungeon.
             The game lasted 00:07:00 (3690 turns).

Stomo the Magician (Djinni Ice Elementalist)        Turns: 3690, Time: 00:07:02

Health: -1/42      AC: 10    Str:  7    XL:     6   Next: 3%
Gold:   59         EV: 13    Int: 19    God:    Makhleb [......] SH:  0 Dex: 13

rFire   + + .      SeeInvis .   (no weapon)
rCold   x . .      Faith    .   (no shield)
rNeg    . . .      Spirit   .   a - +1 robe
rPois   ∞          Reflect  .   (no helmet)
rElec   .          Harm     .   (no cloak)
rCorr   .          Rampage  .   c - +0 pair of gloves
Will    .....                   (boots unavailable)
Stlth   ++........              (no amulet)
HPRegen 0.14/turn               (no ring)
MPRegen 0.00/turn               (no ring)

@: ice-armoured, freezing walls, flying
A: sickness immunity, fire resistance 2, cold vulnerability 1, float, innate
caster, HP casting, extra vitality 1
a: Renounce Religion


You were on level 3 of the Dungeon.
You worshipped Makhleb.
Makhleb was noncommittal.
You visited 1 branch of the dungeon, and saw 3 of its levels.

You collected 59 gold pieces.

Inventory:

Armour
 a - a +1 robe (worn)
 c - a +0 pair of gloves (worn)
Scrolls
 e - 3 scrolls of identify
 g - a scroll of fog {unknown}
 i - a scroll of enchant armour
Potions
 b - a potion of attraction {unknown}
 d - a potion of might
 f - a potion of cancellation {unknown}
 h - 2 potions of resistance {unknown}


   Skills:
 - Level 1.0 Fighting
 - Level 3.1 Dodging
 - Level 1.5 Stealth
 * Level 4.9 Spellcasting


You couldn't memorise any spells.
You knew the following spells:

 Your Spells              Type           Power      Damage    Failure   Level
a - Freeze                Ice            92%        1d10      1%          1
b - Frozen Ramparts       Ice            46%        1d6       4%          3
c - Ozocubu's Armour      Ice            23%        N/A       4%          3
d - Hailstorm             Conj/Ice       23%        3d7       16%         4
e - Sandblast             Erth           46%        2d11      1%          1
f - Static Discharge      Conj/Air       23%        N/A       2%          2
Your spell library was empty.

Dungeon Overview and Level Annotations

Branches:
Dungeon (3/15)

Altars:
Dithmenos
Makhleb

Shops:
D:1 !

Annotations:
D:3 Grinder, Terence


Innate Abilities, Weirdness & Mutations

You are immune to sickness and miasma.
You are immune to poison.
Your flesh is very heat resistant. (rF++)
You are vulnerable to cold. (rC-)
You float through the air rather than walking.
You learn spells naturally, not from books.
Your magical power is your life essence.
You have superior vitality. (+4 MHP)


Message History

Aiming: Freeze (safe; 1% risk of failure)
Press: ? - help, Shift-Dir - straight line, f - adder
Aim: an adder (heavily wounded)
You freeze the adder.
You kill the adder!
Makhleb accepts your kill.
Grinder resists.
The wall freezes Grinder.
Grinder hits you.
* * * LOW HITPOINT WARNING * * *
You writhe in agony.
* * * LOW HITPOINT WARNING * * *
Grinder completely resists.
The wall freezes Grinder but does no damage.
Grinder hits you but does no damage.
You have reached level 6!
Unknown command.
Casting: Freeze (safe; 1% risk of failure)
Confirm with . or Enter, or press ? or * to list all spells.
Okay, then.
Okay, then.
Casting: Freeze (safe; 1% risk of failure)
Confirm with . or Enter, or press ? or * to list all spells.
Okay, then.
Unknown command.
Casting: Freeze (safe; 1% risk of failure)
Confirm with . or Enter, or press ? or * to list all spells.
Aiming: Freeze (safe; 1% risk of failure)
Press: ? - help, Shift-Dir - straight line, f - Grinder
Aim: Grinder (heavily wounded, fast)
You freeze Grinder but do no damage.
Grinder completely resists.
* * * LOW HITPOINT WARNING * * *
Grinder completely resists.
The wall freezes Grinder but does no damage.
Grinder barely misses you.
Grinder completely resists.
The wall freezes Grinder but does no damage.
Grinder says, "Don't move a muscle."
Grinder hits you.
* * * LOW HITPOINT WARNING * * *
You writhe in agony.
You die...

...............#
...............#
...............#
..5............#
...............#
.........#.....#
...............#
..####5##.....#
#@##.J...# #
......†.####.###
. ......... ..#
# ...####... #.#
# # ## #.#.##..
. # ..#.##.#
.### ..... .#
#....# .## .#
#.##.# .#.
#.##.#


You could see Grinder (fast).

Vanquished Creatures
  An orc priest (D:2)
  2 jellies (D:3)
  5 adders
  3 dart slugs
  5 orcs
  A bat (D:1)
  An endoplasm (D:1)
  A giant cockroach (D:2)
  6 hobgoblins
  4 quokkas
  10 ball pythons
  2 frilled lizards
  4 goblins
  2 kobolds
47 creatures vanquished.

Vanquished Creatures (others)
  5 plants (D:3)
5 creatures vanquished.

Grand Total: 52 creatures vanquished

Notes
Turn   | Place    | Note
-------+----------+-------------------------------------------
     0 | D:1      | Stomo the Djinni Ice Elementalist began the quest for the
                  | Orb.
     0 | D:1      | Reached XP level 1. HP: 15/15 MP: 0/0
   213 | D:1      | Found Nidghyl's Distillery.
   311 | D:1      | Reached XP level 2. HP: 15/22 MP: 0/0
   652 | D:1      | Reached skill level 1 in Fighting
  1184 | D:1      | Reached XP level 3. HP: 25/27 MP: 0/0
  1184 | D:1      | Learned a level 1 spell: Sandblast
  1420 | D:2      | Found a faded altar of an unknown god.
  1533 | D:2      | Reached XP level 4. HP: 23/32 MP: 0/0
  1549 | D:2      | Reached skill level 4 in Spellcasting
  3044 | D:3      | Noticed Terence
  3237 | D:3      | Reached XP level 5. HP: 28/37 MP: 0/0
  3237 | D:3      | Learned a level 2 spell: Static Discharge
  3319 | D:3      | Found a burning altar of Makhleb.
  3324 | D:3      | Found a shadowy altar of Dithmenos.
  3328 | D:3      | Became a worshipper of Makhleb the Destroyer
  3671 | D:3      | Noticed Grinder
  3679 | D:3      | Paralysed by Grinder for 5 turns
  3689 | D:3      | Reached XP level 6. HP: 4/42 MP: 0/0
  3690 | D:3      | Slain by Grinder

Illustrated notes

Levels and vault maps discovered:
D:1:      minmay_arrival_loop, layout_loops_ring, serial_shops, shop,
          chequers_serial_rivers_large_b
D:2:      layout_basic, nicolae_ecumenical_oubliette
D:3:      layout_rooms, minitemple, serial_bayou_crossing, uniq_terence,
          uniq_grinder

Skill      XL: |  1  2  3  4 |
---------------+-------------+-----
Fighting       | 1 |  1.0
Dodging        | 3 |  3.1
Spellcasting   | 4 |  4.9
Stealth        | |  1.5

Action                   |  1- 3 |  4- 6 || total
-------------------------+-------+-------++-------
Melee: Unarmed           |     1 |     1 ||     2
 Cast: Freeze            |    31 |    12 ||    43
       Frozen Ramparts   |     2 |    11 ||    13
       Ozocubu's Armour  |     1 |     4 ||     5
       Hailstorm         |       |    11 ||    11
       Static Discharge  |       |     1 ||     1
  Use: Scroll            |       |     4 ||     4
Armor: Robe              |     7 |     9 ||    16
Dodge: Dodged            |    16 |    22 ||    38
